 Dungeon Crawl Stone Soup version 0.32-a0-612-g1c984fe9d1 (webtiles) character file.

Game seed: 8446001420754124383

35900 GNSpeed the Summoner (level 13, -10/102 HPs)
             Began as a Mountain Dwarf Fighter on Mar 4, 2024.
             Was an Elder of Cheibriados.
             Mangled by a death yak (21 damage)
             ... on level 4 of the Lair of Beasts.
             The game lasted 01:07:26 (16312 turns).

GNSpeed the Summoner (Mountain Dwarf Fighter)      Turns: 16312, Time: 01:07:27

Health: -10/102    AC: 11    Str: 29    XL:     13   Next: 50%
Magic:  9/25       EV: 10    Int: 18    God:    Cheibriados [****..]
Gold:   1284       SH:  7    Dex: 24    Spells: 1/28 levels left

rFire   . . .        b - +2 whip (elec)
rCold   . . .        c - +0 buckler
rNeg    . . .        F - +0 acid dragon scales
rPois   .            s - +2 helmet
rElec   .            E - +0 cloak
rCorr   +            (no gloves)
SInv    +            (no boots)
Will    +....        p - amulet of regeneration
Stlth   ++           l - ring of see invisible
HPRegen 1.17/turn    e - ring of wizardry
MPRegen 0.19/turn

%: wizardry (x1)
@: death channelling, very slow
A: runic magic, artefact enchanting, hooves 1, agile 1, MP-powered wands
a: Renounce Religion, Bend Time, Temporal Distortion, Slouch


You were on level 4 of the Lair of Beasts.
You worshipped Cheibriados.
Cheibriados was greatly pleased with you.
You visited 4 branches of the dungeon, and saw 18 of its levels.
You also visited: Ossuary and Bailey.

You collected 1284 gold pieces.

Inventory:

Hand Weapons
 b - a +2 whip of electrocution (weapon)
 w - a +2 hand axe of flaming
 A - a +0 flail
 M - a +3 war axe
 T - a +0 short sword
Missiles
 k - 43 poisoned darts (quivered)
 r - 10 javelins
 I - 13 boomerangs
 P - 2 curare-tipped darts
 V - 2 throwing nets
Armour
 c - a +0 buckler (worn)
 j - a scarf of invisibility
 s - a +2 helmet (worn)
 E - a +0 cloak (worn)
 F - +0 acid dragon scales (worn)
Jewellery
 e - a ring of wizardry (right hand)
 g - a +6 ring of strength
 h - a ring of magical power
 l - a ring of see invisible (left hand)
 p - an amulet of regeneration (around neck)
 t - a +6 ring of intelligence
 B - a ring of protection from cold
 R - a ring of protection from fire
 X - a ring of willpower
Talismans
 q - a storm talisman
Wands
 v - a wand of polymorph (21)
 H - a wand of charming (2)
 K - a wand of flame (33)
Scrolls
 a - a scroll of fog
 d - 2 scrolls of immolation
 f - 2 scrolls of noise
 n - 8 scrolls of teleportation
 x - a scroll of fear
 y - 3 scrolls of amnesia
 z - a scroll of poison
 D - 2 scrolls of enchant armour
 G - a scroll of revelation
 N - 6 scrolls of identify
 S - a scroll of butterflies {unknown}
Potions
 i - 6 potions of enlightenment
 m - a potion of attraction
 u - 3 potions of brilliance
 C - 5 potions of mutation
 J - 3 potions of haste
 L - 2 potions of ambrosia
 Q - a potion of cancellation {unknown}
Miscellaneous
 o - a phial of floods


   Skills:
 - Level 6.2 Fighting
 - Level 11.7 Axes
 - Level 3.2 Armour
 - Level 6.0 Shields
 + Level 8.1 Spellcasting
 - Level 4.2 Hexes
 * Level 12.3 Summonings
 - Level 11.6 Necromancy
 - Level 7.4 Invocations


You had one spell level left.
You knew the following spells:

 Your Spells              Type           Power      Damage    Failure   Level
a - Death Channel         Necr           24%        N/A       6%          6
b - Summon Hydra          Summ           25%        N/A       24%         7
c - Blink                 Tloc           14%        N/A       7%          2
d - Tukima's Dance        Hex            22%        N/A       2%          3
e - Mephitic Cloud        Conj/Alch/Air  7%         N/A       14%         3
f - Summon Cactus Giant   Summ           25%        N/A       4%          6

Your spell library contained the following spells:

 Spells                   Type           Power      Damage    Failure   Level
 Kiss of Death            Conj/Necr      100%       2d13      1%          1
 Necrotise                Necr           100%       1d9       1%          1
 Slow                     Hex            88%        N/A       1%          1
 Apportation              Tloc           14%        N/A       4%          1
 Freeze                   Ice            28%        1d5       4%          1
 Shock                    Conj/Air       28%        1d4       4%          1
 Call Imp                 Summ           100%       N/A       1%          2
 Cigotuvi's Dreadful Rot  Necr/Alch/Air  42%        N/A       1%          2
 Jinxbite                 Hex            44%        N/A       1%          2
 Sublimation of Blood     Necr           49%        N/A       1%          2
 Vampiric Draining        Necr           49%        2d9       1%          3
 Dispel Undead            Necr           49%        3d18      1%          4
 Martyr's Knell           Necr/Summ      50%        N/A       1%          4
 Curse of Agony           Necr           49%        N/A       1%          5
 Confusing Touch          Hex            22%        N/A       2%          3
 Sigil of Binding         Hex            22%        N/A       2%          3
 Summon Mana Viper        Hex/Summ       37%        N/A       4%          5
 Lesser Beckoning         Tloc           14%        N/A       7%          2
 Momentum Strike          Conj/Tloc      14%        3d8       7%          2
 Frozen Ramparts          Ice            14%        1d3       14%         3
 Hailstorm                Conj/Ice       7%         3d5       14%         3
 Passage of Golubria      Tloc           7%         N/A       41%         4
 Vhi's Electric Charge    Tloc/Air       14%        N/A       41%         4
 Yara's Violent Unravell  Hex/Alch       7%         3d5       45%         5
 Alistair's Intoxication  Alch           4%         N/A       75%         5
 Arcjolt                  Conj/Air       3%         1d13      75%         5
 Iskenderun's Battlesphe  Conj           7%         2d6       75%         5
 Enfeeble                 Hex            11%        N/A       99%         7
 Maxwell's Capacitive Co  Air            3%         ∞         100%        8


Dungeon Overview and Level Annotations

Branches:
Dungeon (12/15)            Temple (1/1) D:6            Lair (4/5) D:8
 Shoals (0/4) Lair:2       Spider (0/4) Lair:3          Orc (1/2) D:12
Ossuary (visited)          Bailey (visited)
  Slime: Lair:4-5

Altars:
Ashenzari
Cheibriados
Dithmenos
Elyvilon
Fedhas
Gozag
Hepliaklqana
Kikubaaqudgha
Makhleb
Nemelex Xobeh
Okawaru
Qazlal
Ru
Sif Muna
Trog
Uskayaw
Vehumet
Wu Jian
Xom
Yredelemnul
Zin
The Shining One
Jiyva

Shops:
D:4 [   D:7 (

Annotations:
D:10 3 runed translucent doors, baller8008's ghost, novice MiFi
Lair:4 1 runed translucent door


Innate Abilities, Weirdness & Mutations

Your spellcasting is much less encumbered by armour.
You can use scrolls of enchantment on lesser artefacts.
You have large cloven feet.
You are agile. (Dex +4, Str/Int -1)
You expend magic power (3 MP) to strengthen your wands.


Message History

The death yak gores you but does no damage.
The yak gores you!
The death yak gores your spectral yak but does no damage.
The death yak completely misses your spectral yak.
Unknown command.
Unknown command.
Activating: Slouch (9% risk of failure)
Press: ? - help, Dir - look around, f - activate You can feel time thicken for a moment.
You destroy your spectral yak!
Your spectral death yak gores the death yak!!
The death yak dies!
Cheibriados appreciates the change of pace.
A glowing mist starts to gather...
The death yak gores you.
* * * LOW HITPOINT WARNING * * *
The yak closely misses you.
Unknown command.
Unknown command.
Unknown command.
You hit the yak.
The yak is severely wounded.
Your spectral yak gores the death yak but does no damage.
The death yak gores you!
* * * LOW HITPOINT WARNING * * *
The yak gores you!
* * * LOW HITPOINT WARNING * * *
The death yak gores your spectral death yak but does no damage.
Unknown command.
As you read the scroll of fear, it crumbles to dust.
You assume a fearsome visage.
The death yak looks frightened!
The death yak resists with almost no effort. x2
The yak looks frightened!
Your spectral death yak gores the yak!!
The yak dies!
Cheibriados appreciates the change of pace.
A glowing mist starts to gather...
Your spectral death yak gores the death yak!
Your spectral yak gores the death yak but does no damage.
The death yak gores you!!
You die...
Cheibriados appreciates the motionlessness of death.

#...............
P...............#
....<...........#
................#
...............#
#.....Y†.Z....#
#.....†.Y...P.#
#....Z.YZ....P#
#.......@..PP##
#P.....Z.....#
##.........P##
##...........
#.......#...#
####.......#P##
##....#...#####
#.#..#.#..#
########...#..####


You could see 3 death yaks, 2 friendly spectral yaks and 2 friendly spectral
death yaks.

Vanquished Creatures
  An orc warlord (Bailey)
  A boulder beetle (Lair:2)
  2 death yaks (Lair:3)
  2 two-headed ogres (D:12)
  A skyshark (Lair:3)
  A nameless horror (Lair:3)
  Pikel (D:7)
  An ugly thing (D:12)
  A manticore (D:11)
  A meliai (Lair:3)
  A merfolk siren (Lair:2)
  2 cane toads (Lair:3)
  An elephant (D:8)
  A kobold demonologist (D:11)
  3 komodo dragons
  A troll (D:10)
  2 polar bears
  A merfolk (Lair:2)
  3 blink frogs
  4 slime creatures (D:12)
  2 wraiths
  22 yaks
  4 wyverns
  A basilisk (D:8)
  A steam dragon (Lair:2)
  2 vampire mosquitoes (D:10)
  3 acid dragons
  6 water moccasins
  7 orc warriors
  2 ice beasts (D:7)
  3 sky beasts
  A black bear (D:8)
  4 wolves (Lair:1)
  2 centaurs
  4 lemures (D:7)
  5 kobold brigands
  A weeping skull (Ossuary)
  A gnoll sergeant (D:6)
  10 bullfrogs
  2 scorpions
  4 water moccasin zombies (Ossuary)
  10 wights
  14 killer bees
  3 howler monkeys (D:7)
  An electric eel (Lair:2)
  A crimson imp (D:4)
  A jelly (D:7)
  A hound (D:6)
  3 bombardier beetles
  5 orc priests
  A gnoll bouda (D:6)
  Ijyb (D:3)
  7 iguanas
  11 orc wizards
  2 crocodile zombies (Ossuary)
  2 mummies (Ossuary)
  Robin (D:3)
  7 adders
  9 gnolls (D:6)
  A shadow imp (D:7)
  2 white imps
  2 adder zombies (Ossuary)
  A ribbon worm (D:3)
  2 dart slugs (D:2)
  28 orcs
  4 endoplasms
  4 giant cockroaches
  8 gnoll zombies (Ossuary)
  12 goblins
  10 hobgoblins
  10 jackals
  5 quokkas
  6 ball pythons
  5 bats
  3 frilled lizards
  2 jackal zombies (Ossuary)
  25 kobolds
  3 orc zombies (Ossuary)
  6 rats
337 creatures vanquished.

Vanquished Creatures (collateral kills)
  A two-headed ogre (D:11)
  3 death yaks
  An ugly thing (D:11)
  A black mamba (Lair:4)
  A komodo dragon (Lair:1)
  A merfolk (Lair:2)
  3 blink frogs
  A shadow (D:11)
  16 yaks
  A basilisk (Lair:1)
  3 water moccasins
  3 orc warriors (Bailey)
  A bullfrog (Lair:3)
  3 goblins (Bailey)
  3 kobolds
42 creatures vanquished.

Vanquished Creatures (others)
  A cyclops (D:12)
  A manticore (D:12)
  6 dancing weapons
  A gargoyle (D:12)
  2 yaks (Lair:3)
  2 orcs (D:12)
13 creatures vanquished.

Grand Total: 392 creatures vanquished

Notes
Turn   | Place    | Note
-------+----------+-------------------------------------------
     0 | D:1      | GNSpeed the Mountain Dwarf Fighter began the quest for the
                  | Orb.
     0 | D:1      | Reached XP level 1. HP: 19/19 MP: 1/1
   364 | D:1      | Reached XP level 2. HP: 26/26 MP: 2/2
   798 | D:2      | Reached XP level 3. HP: 22/31 MP: 3/3
  1498 | D:3      | Reached XP level 4. HP: 38/38 MP: 4/4
  1534 | D:3      | Noticed Robin
  1557 | D:3      | Killed Robin
  1739 | D:3      | Noticed Ijyb
  1758 | D:3      | Killed Ijyb
  1759 | D:3      | Reached skill level 5 in Axes
  1759 | D:3      | Reached XP level 5. HP: 45/45 MP: 5/5
  1913 | D:4      | Found Salyvyh's Antique Armour Shop.
  2087 | D:4      | Found a sand-covered staircase.
  2099 | Ossuary  | Entered an ossuary
  2194 | Ossuary  | Reached skill level 5 in Shields
  2194 | Ossuary  | Reached XP level 6. HP: 42/51 MP: 6/6
  2349 | Ossuary  | Reached XP level 7. HP: 54/57 MP: 7/7
  3363 | D:5      | Entered Level 5 of the Dungeon
  3481 | D:5      | Found an ancient bone altar of Kikubaaqudgha.
  3512 | D:5      | Found an opulent altar of Gozag.
  4077 | D:5      | Found a glowing silver altar of Zin.
  4214 | D:6      | Reached skill level 5 in Fighting
  4271 | D:6      | Reached XP level 8. HP: 52/68 MP: 8/8
  4351 | D:6      | Found a staircase to the Ecumenical Temple.
  4375 | Temple   | Entered the Ecumenical Temple
  4451 | Temple   | Became a worshipper of Cheibriados the Contemplative
  4639 | D:6      | Reached * piety under Cheibriados
  4801 | D:6      | Learned a level 6 spell: Death Channel
  4826 | D:6      | Reached skill level 1 in Spellcasting
  4826 | D:6      | Reached skill level 1 in Invocations
  5308 | D:7      | Reached skill level 10 in Axes
  5549 | D:7      | Found Loghunim's Weapon Boutique.
  5568 | D:7      | Reached XP level 9. HP: 42/75 MP: 9/13
  5873 | D:7      | Reached ** piety under Cheibriados
  6019 | D:7      | Noticed Pikel
  6090 | D:7      | Killed Pikel
  6091 | D:7      | Reached skill level 5 in Invocations
  6552 | D:7      | Reached skill level 5 in Spellcasting
  6882 | D:8      | Reached skill level 1 in Necromancy
  7230 | D:8      | Noticed an elephant
  7294 | D:8      | Killed an elephant
  7295 | D:8      | Reached XP level 10. HP: 49/83 MP: 13/18
  7406 | D:8      | Found a staircase to the Lair.
  7443 | D:8      | Found a shadowy altar of Dithmenos.
  7496 | D:8      | Learned a level 7 spell: Summon Hydra
  7578 | D:8      | Found a burning altar of Makhleb.
  7578 | D:8      | Found a shimmering blue altar of Sif Muna.
  7578 | D:8      | Found a sacrificial altar of Ru.
  7618 | D:8      | Learned a level 2 spell: Blink
  8216 | D:9      | Found a flagged portal.
  8218 | D:9      | You fall into a shaft and drop 3 floors!
  8254 | D:12     | Noticed a gargoyle
  8257 | D:12     | Gained mutation: You are agile. (Dex +4, Str/Int -1)
                  | [potion of mutation]
  8257 | D:12     | Gained mutation: You expend magic power (3 MP) to
                  | strengthen your wands. [potion of mutation]
  8257 | D:12     | Gained mutation: You have large cloven feet. [potion of
                  | mutation]
  8259 | D:12     | Noticed a cyclops
  8261 | D:12     | Noticed a two-headed ogre
  8279 | D:12     | Killed a two-headed ogre
  8279 | D:12     | Noticed a manticore
  8320 | D:10     | Entered Level 10 of the Dungeon
  8376 | D:10     | Reached *** piety under Cheibriados
  8442 | Bailey   | Entered a bailey
  8447 | Bailey   | Learned a level 3 spell: Tukima's Dance
  8451 | Bailey   | Noticed an orc warlord
  8510 | Bailey   | Reached skill level 1 in Hexes
  8574 | Bailey   | Found a runed translucent gate.
  8576 | Bailey   | Found a runed translucent gate.
  8578 | Bailey   | Found a runed translucent gate.
  8780 | Bailey   | Killed an orc warlord
  8781 | Bailey   | Reached skill level 5 in Necromancy
  8855 | Bailey   | Reached skill level 10 in Necromancy
  8855 | Bailey   | Reached XP level 11. HP: 89/89 MP: 17/21
  9027 | D:9      | Reached **** piety under Cheibriados
  9232 | D:9      | Reached skill level 1 in Summonings
  9744 | Lair:1   | Entered Level 1 of the Lair of Beasts
  9781 | Lair:1   | Found a snail-covered altar of Cheibriados.
  9792 | Lair:1   | Reached skill level 2 in Summonings
  9792 | Lair:1   | Reached XP level 12. HP: 96/96 MP: 15/22
  9878 | Lair:1   | Reached skill level 3 in Summonings
  9972 | Lair:1   | Got the Reference Book on Sidekicks and Fulmination
  9977 | Lair:1   | Learned a level 3 spell: Mephitic Cloud
 10125 | Lair:1   | Reached skill level 4 in Summonings
 10280 | Lair:1   | Reached skill level 5 in Summonings
 10367 | Lair:1   | Identified the +3 dagger of Pang {drain, rPois Dex+2}
 10974 | Lair:2   | Noticed a boulder beetle
 10995 | Lair:2   | Killed a boulder beetle
 10996 | Lair:2   | Reached skill level 6 in Summonings
 11128 | Lair:2   | Reached ***** piety under Cheibriados
 11277 | Lair:2   | Reached skill level 7 in Summonings
 11353 | Lair:2   | Found a staircase to the Shoals.
 11640 | Lair:2   | Reached skill level 8 in Summonings
 11733 | Lair:2   | Noticed a death yak
 11760 | Lair:3   | Identified the +9 falchion "Roucam" {freeze, rN+ Dex+3}
 11786 | Lair:3   | Reached skill level 9 in Summonings
 11796 | Lair:3   | Found a hole to the Spider Nest.
 12338 | D:10     | Reached skill level 10 in Summonings
 12601 | D:10     | Found a runed translucent gate.
 12728 | D:10     | Found a runed translucent gate.
 12728 | D:10     | Found a runed translucent gate.
 12731 | D:10     | Noticed a great orb of eyes
 12731 | D:10     | Noticed baller8008's ghost (novice MiFi)
 12734 | D:10     | Found a viscous altar of Jiyva.
 12892 | D:11     | Noticed a two-headed ogre
 12899 | D:11     | Killed a two-headed ogre
 13048 | D:11     | Reached XP level 13. HP: 100/102 MP: 18/23
 13927 | D:12     | Reached skill level 11 in Summonings
 14335 | D:12     | Found a white marble altar of Elyvilon.
 14400 | D:12     | Found a staircase to the Orcish Mines.
 14999 | Orc:1    | Entered Level 1 of the Orcish Mines
 16017 | Lair:3   | Learned a level 6 spell: Summon Cactus Giant
 16091 | Lair:4   | Found a runed translucent door.
 16278 | Lair:4   | Reached skill level 12 in Summonings
 16312 | Lair:4   | Mangled by a death yak

Illustrated notes

Levels and vault maps discovered:
D:1:      dpeg_arrival_houses_and_road, layout_loops_ring, minmay_tetromino_i4
D:2:      layout_rooms
D:3:      layout_rooms, minmay_misc_feat_nine_boxes, uniq_ijyb, uniq_robin
D:4:      minmay_door_path, layout_basic, lightli_ossuary_entry_decrepit_ruins,
          serial_shops, nicolae_diamond_shop, minmay_misc_feat_roman,
          serial_library_hellmonk_long_bookcase, minmay_fire_ice_demons
D:5:      layout_basic, kennysheep_mini, nicolae_kikubaaqudgha_miasma_corner,
          mainiacjoe_overflow_six_doors_small, kennysheep_generic_room_7
D:6:      layout_cave_pools, minmay_temple_entry_statues_fountains,
          roderic_st_hans_cross
D:7:      layout_loops_corners, serial_shops, nicolae_shop_bloodbath_and_beyond,
          uniq_pikel
D:8:      layout_loops_ring, chequers_temple_overflow_statue_of_worship,
          mainiacjoe_overflow_paths, david_lair_generic,
          chequers_serial_rivers_room_b
D:9:      layout_irregular_city, enter_bailey_2
D:10:     layout_gridville, gammafunk_ghost_ooze
D:11:     layout_cave_pools, minivault_27, nicolae_tricolors
D:12:     layout_layer_cave, david_orc_3, elyvilon_altar_3
Temple:   nicolae_temple_superstar
Lair:1:   layout_cave_pods, basic_altar
Lair:2:   layout_gridlike, elwin_shoals_entry_rooms, grunt_megastairs_4
Lair:3:   layout_concentric_octagons, hellmonk_spider_entry_not_the_bees
Lair:4:   layout_cave_pods, slime_entry_1, pf_torpor_hydra
Orc:1:    layout_diamond_mine, minmay_orc_temple_a

Skill      XL: |  1  2  3  4  5  6  7  8  9 10 11 12 13 |
---------------+----------------------------------------+-----
Shields        | 4 5 6 |  6.0
Axes           | 3 4 5 6 7 8 10 11 | 11.7
Fighting       | 5 6 |  6.2
Spellcasting   | 3 5 6 7 8 |  8.1
Invocations    | 3 6 7 |  7.4
Necromancy     | 2 10 11 | 11.6
Hexes          | 4 |  4.2
Summonings     | 2 10 12 | 12.3
Armour         | |  3.2

Action                     |  1- 3 |  4- 6 |  7- 9 | 10-12 | 13-15 || total
---------------------------+-------+-------+-------+-------+-------++-------
  Melee: War axe           |   142 |   160 |   365 |    83 |       ||   750
         Whip              |       |       |    63 |   325 |    64 ||   452
         Unarmed           |       |       |    11 |       |       ||    11
         Kick              |       |       |       |   138 |    81 ||   219
         Hand axe          |       |       |       |    27 |   109 ||   136
  Throw: Boomerang         |       |       |     1 |    13 |     8 ||    22
         Dart              |       |       |       |     3 |     9 ||    12
   Cast: Tukima's Dance    |       |       |       |    34 |     4 ||    38
         Blink             |       |       |       |     1 |       ||     1
         Death Channel     |       |       |       |    18 |    12 ||    30
         Mephitic Cloud    |       |       |       |     9 |     1 ||    10
         Summon Cactus Gia |       |       |       |       |     4 ||     4
 Invoke: Bend Time         |       |       |     6 |     3 |     2 ||    11
         Slouch            |       |       |       |     3 |     4 ||     7
         Temporal Distorti |       |       |       |       |     1 ||     1
  Evoke: Wand              |       |       |     2 |     6 |     2 ||    10
    Use: Scroll            |     4 |     1 |     3 |    13 |     7 ||    28
         Potion            |       |     1 |    10 |    10 |    14 ||    35
   Stab: Invisible         |       |       |       |     5 |       ||     5
         Distracted        |       |       |       |     2 |     1 ||     3
         Confused          |       |       |       |     7 |       ||     7
         Sleeping          |       |       |       |       |     1 ||     1
 Armour: Scale mail        |   112 |    94 |   270 |    95 |       ||   571
         Skin              |       |    24 |    27 |     4 |    34 ||    89
         Acid dragon scale |       |       |       |   192 |   126 ||   318
  Dodge: Dodged            |    70 |    61 |   130 |   165 |    60 ||   486
  Block: Buckler           |    44 |    34 |    83 |   135 |    44 ||   340

Table legend: (Time is in decaauts)
 A = Elapsed time spent in this place.
 B = Non-inter-level travel time spent in this place.
 C = Inter-level travel time spent in this place.
 D = Time resting spent in this place.
 E = Time spent auto-exploring this place.
 F = Levels seen in this place.
 G = Mean time per level.
                   A        B        C        D        E       F      G
               +--------+--------+--------+--------+--------+-----+--------+
         Total |  21199 |  19923 |   1276 |   1928 |  13875 |  20 | 1059.9 |
       Dungeon |  14862 |  14003 |    859 |   1272 |  10262 |  12 | 1238.5 |
        Temple |     97 |      3 |     94 |      0 |      0 |   1 |   97.0 |
          Lair |   5073 |   4751 |    322 |    362 |   3400 |   4 | 1268.2 |
  Orcish Mines |      6 |      6 |      0 |      0 |      0 |   1 |    6.0 |
       Ossuary |    492 |    492 |      0 |    256 |      8 |   1 |  492.0 |
        Bailey |    668 |    668 |      0 |     38 |    205 |   1 |  668.0 |
               +--------+--------+--------+--------+--------+-----+--------+

Top non-repeatable levels by time:
    D:12: 2316 daAuts
     D:8: 2014 daAuts
  Lair:1: 1964 daAuts
     D:7: 1847 daAuts
  Lair:3: 1439 daAuts
     D:9: 1337 daAuts
  Lair:2: 1288 daAuts
    D:11: 1282 daAuts
     D:6: 1139 daAuts
    D:10: 1115 daAuts
     D:4: 869 daAuts
     D:5: 839 daAuts
     D:3: 791 daAuts
     D:1: 788 daAuts
  Bailey: 668 daAuts
